 Dungeon Crawl Stone Soup version 0.20-a0-77-g476458c (webtiles) character file.

216 KristoblXynda the Charmwright (level 5, 0/41 HPs)
             Began as a Draconian Skald on Nov 19, 2016.
             Was a Follower of Uskayaw.
             Slain by a scorpion (4 damage)
             ... on level 4 of the Dungeon.
             The game lasted 00:05:50 (2246 turns).

KristoblXynda the Charmwright (Draconian Skald)     Turns: 2246, Time: 00:05:50

Health: 0/41       AC:  9    Str: 14    XL:     5   Next: 61%
Magic:  0/8        EV: 12    Int: 13    God:    Uskayaw [*.....]
Gold:   182        SH:  0    Dex: 11    Spells: 1 memorised, 7 levels left

rFire  + . .     SeeInvis .     a - +0 hand axe
rCold  + . .     Gourm    .     (armour unavailable)
rNeg   . . .     Faith    .     (no shield)
rPois  +         Spirit   +     (helmet restricted)
rElec  +         Reflect  .     s - +0 cloak
rCorr  +         Harm     .     (no gloves)
MR     .....                    j - +2 pair of boots
Stlth  +.........               e - amulet of guardian spirit
                                (no ring)
                                (no ring)

@: resistant, flying, drained
A: unfitting armour, cold-blooded, AC +5
a: Stomp, Renounce Religion


You were on level 4 of the Dungeon.
You worshipped Uskayaw.
Uskayaw was noncommittal.
You were not hungry.

You visited 1 branch of the dungeon, and saw 4 of its levels.

You collected 182 gold pieces.

Inventory:

Hand Weapons
 a - a +0 hand axe (weapon)
 r - a +2 mace of crushing
Armour
 j - a +2 pair of boots (worn)
 s - a +0 cloak (worn)
Jewellery
 e - an amulet of guardian spirit (around neck)
Scrolls
 i - 2 scrolls of remove curse
 q - a scroll of fog
Potions
 d - 3 potions of cancellation
 l - 2 potions of resistance
Books
 b - a book of Battle

   Spells                             Type                      Level
   a - Infusion                       Charms                       1
   b - Shroud of Golubria             Charms/Translocation         2
   c - Song of Slaying                Charms                       2
   d - Spectral Weapon                Hexes/Charms                 3
   e - Regeneration                   Charms/Necromancy            3
Comestibles
 c - 2 bread rations
 f - a beef jerky
 h - 3 meat rations
 k - a chunk of flesh
 m - 3 fruits


   Skills:
 - Level 2.1(1.5) Fighting
 + Level 3.8(3.1) Axes
 + Level 3.3(2.6) Dodging
 - Level 2.0(1.3) Spellcasting
 + Level 3.8(3.1) Charms


You had 7 spell levels left.
You knew the following spells:

 Your Spells              Type           Power        Failure   Level  Hunger
a - Infusion              Chrm           #...         10%         1    ##.....


Dungeon Overview and Level Annotations

Branches:
Dungeon (4/15)
 Temple: D:4-7

Altars:
Uskayaw


Innate Abilities, Weirdness & Mutations

Your plain brown scales are hard. (AC +5)
You cannot fit into any form of body armour.
You are cold-blooded and may be slowed by cold attacks.


Message History

The scorpion is lightly wounded.
You closely miss the phantom. The scorpion barely misses you.
The phantom blinks!
You hit the scorpion but do no damage.
The scorpion is lightly wounded.
The scorpion stings you but does no damage.
The scorpion stings you!
* * * LOW HITPOINT WARNING * * *
Unknown command.
You hit the scorpion but do no damage.
The scorpion is lightly wounded.
You hit the phantom but do no damage.
The phantom blinks!
The scorpion stings you but does no damage.
Your magical contamination has completely faded away.
You barely miss the scorpion.
You tail-slap the scorpion, but do no damage.
The scorpion is lightly wounded.
You hear the brisk rusting of a distant drain.
The phantom blinks!
The scorpion stings you.
You die...

#.#####..#(..............##.####.
#. ##.........)8.8.8..##.# #. #
#######...........##.####.
#...................
#.........#.........
#.##....)_#.........
#.##......#.........
#.##§...............
##.@s...........####
#...#.8.8.8.....##
#.###W....§.....# ..?
###.........# ### ###########


You could see a phantom and a scorpion.

Vanquished Creatures
  A howler monkey (D:4)
  An orc priest (D:3)
  6 adders
  An ooze (D:1)
  3 worms
  3 dart slugs
  5 leopard geckos
  4 orcs
  2 bats
  3 giant cockroaches
  8 goblins
  7 hobgoblins
  6 jackals (D:2)
  2 ball pythons
  3 frilled lizards
  A jackal skeleton (D:4)
  A jackal zombie (D:4)
  3 kobolds (D:1)
  7 rats
67 creatures vanquished.

Vanquished Creatures (others)
  4 toadstools (D:1)
4 creatures vanquished.

Grand Total: 71 creatures vanquished

Notes
Turn   | Place    | Note
-------+----------+-------------------------------------------
     0 | D:1      | KristoblXynda the Draconian Skald began the quest for the Orb.
     0 | D:1      | Reached XP level 1. HP: 17/17 MP: 3/3
   192 | D:1      | Reached XP level 2. HP: 23/24 MP: 5/5
   455 | D:1      | Reached XP level 3. HP: 28/29 MP: 6/6
  1189 | D:2      | Reached XP level 4. HP: 36/36 MP: 5/7
  1465 | D:3      | Reached XP level 5. HP: 13/41 MP: 2/8
  1995 | D:4      | Found a hide-covered altar of Uskayaw.
  2151 | D:4      | Noticed a phantom
  2214 | D:4      | Became a worshipper of Uskayaw the Reveler
  2218 | D:4      | Reached * piety under Uskayaw
  2246 | D:4      | Slain by a scorpion

Vault maps used:
D:1:      ldierk_walled_garden_2
D:2:      first_bread
D:3:      st_stairs_5, minmay_misc_feat_encased, due_unseen_surprise
D:4:      lemuel_coloured_pillars_altar, eat_drink_and_be_merry_uskayaw,
          gup_sewer_entry_spiral

Skill      XL: |  1  2  3  4 |
---------------+-------------+-----
Dodging        | 2 3 |  3.3
Charms         | 3 |  3.8
Axes           | 3 |  3.8
Fighting       | |  2.1
Spellcasting   | |  2.0

Action                   |  1- 3 |  4- 6 || total
-------------------------+-------+-------++-------
Melee: Hand axe          |   147 |   144 ||   291
       Tailslap          |    10 |    12 ||    22
  Use: Scroll            |     3 |     5 ||     8
       Potion            |       |     3 ||     3
 Stab: Sleeping          |       |     2 ||     2
  Eat: Chunk             |     1 |     4 ||     5
Armor: Skin              |    57 |    63 ||   120
Dodge: Dodged            |    95 |   122 ||   217
